 Dungeon Crawl Stone Soup version 0.21-a0-442-g848f44b (webtiles) character file.

72 Inectha the Conjurer (level 4, -7/21 HPs)
             Began as a Deep Elf Conjurer on Nov 15, 2017.
             Was an Initiate of Hepliaklqana.
             Mangled by a gnoll
             ... wielding a +0 spear
              (12 damage)
             ... on level 2 of the Dungeon.
             The game lasted 00:13:58 (1561 turns).

Inectha the Conjurer (Deep Elf Conjurer)            Turns: 1561, Time: 00:13:58

Health: -7/21      AC:  2    Str:  5    XL:     4   Next: 7%
Magic:  1/12       EV: 13    Int: 21    God:    Hepliaklqana [......]
Gold:   140        SH:  0    Dex: 15    Spells: 8/11 levels left

rFire    . . .     SeeInvis .   (no weapon)
rCold    . . .     Gourm    .   (no shield)
rNeg     . . .     Faith    .   a - +0 robe
rPois    .         Spirit   .   (no helmet)
rElec    .         Reflect  .   (no cloak)
rCorr    .         Harm     .   (no gloves)
MR       .....                  (no boots)
Stlth    ++........             (no amulet)
HPRegen  0.07/turn              (no ring)
MPRegen  0.13/turn              (no ring)

@: no status effects
A: reduced essence
a: Recall Ancestor, Ancestor Identity, Renounce Religion


You were on level 2 of the Dungeon.
You worshipped Hepliaklqana.
Hepliaklqana was noncommittal.
You were not hungry.

You visited 1 branch of the dungeon, and saw 2 of its levels.

You collected 140 gold pieces.

Inventory:

Armour
 a - a +0 robe (worn)
Scrolls
 d - 2 scrolls of enchant weapon {unknown}
 h - a scroll of teleportation {unknown}
 i - a scroll of magic mapping {unknown}
Potions
 e - a potion of lignification {unknown}
 f - 2 potions of heal wounds {unknown}
Books
 b - a book of Conjurations

   Spells                             Type                      Level
   a - Magic Dart                     Conjuration                  1
   b - Searing Ray                    Conjuration                  2
   c - Dazzling Spray                 Conjuration/Hexes            3
   d - Fulminant Prism                Conjuration/Hexes            4
   e - Force Lance                    Conjuration/Translocation    4
   f - Iskenderun's Mystic Blast      Conjuration                  4
Comestibles
 c - 2 bread rations


   Skills:
 + Level 3.0 Dodging
 + Level 3.2 Stealth
 * Level 4.3 Spellcasting
 * Level 5.0 Conjurations


You had 8 spell levels left.
You knew the following spells:

 Your Spells              Type           Power        Failure   Level  Hunger
a - Magic Dart            Conj           ####         1%          1    None
b - Searing Ray           Conj           ####..       2%          2    #......


Dungeon Overview and Level Annotations

Branches:
Dungeon (2/15)

Altars:
Hepliaklqana
Nemelex Xobeh


Message History

The gnoll hits you from afar with a spear!
Your memorisation is interrupted.
Casting: Searing Ray
Confirm with . or Enter, or press ? or * to list all spells.
Aiming: Searing Ray
Press: ? - help, Shift-Dir - straight line, f - gnoll
Aim: a gnoll, wielding a spear The searing ray hits the gnoll.
The gnoll is moderately wounded. (Press . to maintain the ray.)
The gnoll closely misses you.
The searing ray hits the gnoll.
The gnoll is heavily wounded.
The gnoll hits you from afar with a spear!
* * * LOW HITPOINT WARNING * * *
Without enough magic to sustain it, your searing ray dissipates.
The gnoll completely misses you.
The gnoll hits you from afar with a spear!
Ouch! That really hurt!
You die...

#...####.##.#.# #.#
#....g.g...#g.# #.##
...########.### #.)#
######### ##.# #
#.......#######.# #.
#.............#.# #.###
#.......#####.#.# #...#
#.......##..g...#
###.###.......##@##.###
.....##.......##.##.#
####.......†........#
#.#####.#####.#### #
#.#####.# #.# #
#.......# # #.#
####.##.##....>..#
#_#........#####.#
.##.....##.# ...


You could see a gnoll.

Vanquished Creatures
  2 gnolls (D:2)
  An adder (D:2)
  An ooze (D:2)
  A dart slug (D:1)
  2 leopard geckos
  A ball python (D:2)
  3 bats
  3 giant cockroaches
  6 goblins
  4 hobgoblins (D:1)
  A quokka (D:2)
  4 frilled lizards
  A kobold (D:1)
  4 rats
34 creatures vanquished.

Vanquished Creatures (others)
  An ancestor (D:2)
1 creature vanquished.

Grand Total: 35 creatures vanquished

Notes
Turn   | Place    | Note
-------+----------+-------------------------------------------
     0 | D:1      | Inectha the Deep Elf Conjurer began the quest for the Orb.
     0 | D:1      | Reached XP level 1. HP: 10/10 MP: 6/6
   104 | D:1      | Reached XP level 2. HP: 15/15 MP: 5/8
   108 | D:1      | Learned a level 2 spell: Searing Ray
   531 | D:1      | Found a sparkling altar of Nemelex Xobeh.
   854 | D:2      | Reached XP level 3. HP: 19/19 MP: 3/10
  1078 | D:2      | Found a hazy altar of Hepliaklqana.
  1246 | D:2      | Became a worshipper of Hepliaklqana the Forgotten
  1525 | D:2      | Reached skill level 5 in Conjurations
  1549 | D:2      | Reached XP level 4. HP: 21/21 MP: 2/12
  1561 | D:2      | Mangled by a gnoll

Vault maps used:
D:1:      eino_arrival_tree_alley, minmay_fountain_box,
          minmay_misc_feat_encased, nemelex_altar_shiori
D:2:      marbit_many_paths

Skill      XL: |  1  2  3 |
---------------+----------+-----
Stealth        | 3 |  3.2
Spellcasting   | 4 |  4.3
Dodging        | 3 |  3.0
Conjurations   | 5 |  5.0

Action                   |  1- 3 |  4- 6 || total
-------------------------+-------+-------++-------
 Cast: Magic Dart        |    58 |       ||    58
       Searing Ray       |     2 |     2 ||     4
  Eat: Royal jelly       |     1 |       ||     1
Armor: Robe              |     2 |       ||     2
Dodge: Dodged            |     2 |     2 ||     4

Table legend:
 A = Spawn XP
 B = Non-spawn XP
 C = Spawn XP percentage of total XP
 D = Spawn monster count
 E = Non-spawn monster count
 F = Spawn count percentage of total count
 G = Total turns spent on level
                    A         B        C        D         E        F      G
               +---------+---------+-------+---------+---------+-------+---------
         Total |       0 |     104 |   0.0 |       0 |      34 |   0.0 |  1561
               +---------+---------+-------+---------+---------+-------+---------
           D:1 |       0 |      35 |   0.0 |       0 |      18 |   0.0 |   843
           D:2 |       0 |      69 |   0.0 |       0 |      16 |   0.0 |   718
               +---------+---------+-------+---------+---------+-------+---------
